cohdb
Replays
Latest Replays
All Replays
Popular Replays
Top Player Replays
Match Explorer
How It Works
Community
CoH3 Stats
Reddit
Sign in to upload your games and track your stats! →
Sign in with Steam
Tigers were late to the party
Match 32085089
Overview
Messages
Build Orders
End
Selects Italian Combined Arms Battlegroup
Selects Bersaglieri Squad
Bersaglieri Squad
Kradschützen Motorcycle Team
Bersaglieri Squad
Construct Light Support Kompanie
2.5-tonne Medical Truck
Fire Support Elements
Selects Bersaglieri Bolster
Bersaglieri Squad
Veteran Squad Leaders
Panzerjäger Mechanized Group
Construct Panzerarmee Kommand
Selects Breda Model 30 Light Machine Guns
Emergency Repair Kits
Vehicle Survival Package
Panzer III L Medium Tank
Panzer III L Medium Tank
Advanced Optics
Rapid Advance
Selects Semovente da 75/18 Assault Gun
Selects Strafing Run
Strafing Run
Panzer III L Medium Tank
Tungsten Core Ammunition
Selects Artillery Cover
Artillery Cover
Armored Reserves
Strafing Run
Strafing Run
Tiger Heavy Tank
Clavis
FLOKL
aSIIFocus
aSIIAnthrax
0
0
Comments
sign in to comment!
No comments posted yet!